 Dungeon Crawl Stone Soup version 0.21-a0-516-gaaff437 (webtiles) character file.

14 theanonym the Skirmisher (level 2, 0/24 HPs)
             Began as a Demonspawn Fighter on Dec 3, 2017.
             Slain by a giant cockroach (2 damage)
             ... on level 2 of the Dungeon.
             The game lasted 00:00:57 (428 turns).

theanonym the Skirmisher (Demonspawn Fighter)        Turns: 428, Time: 00:00:58

Health: 0/24       AC:  0    Str: 16    XL:     2   Next: 31%
Magic:  2/2        EV: 11    Int:  9    God:
Gold:   38         SH:  0    Dex: 12    Spells: 1/1 levels left

rFire    . . .     SeeInvis .   a - +0 war axe
rCold    . . .     Gourm    .   (no shield)
rNeg     . . .     Faith    .   (no armour)
rPois    .         Spirit   .   (no helmet)
rElec    .         Reflect  .   (no cloak)
rCorr    .         Harm     .   (no gloves)
MR       .....                  (no boots)
Stlth    +.........             (no amulet)
HPRegen  0.08/turn              (no ring)
MPRegen  0.08/turn              (no ring)

@: no status effects
A: spiny 1
a: no special abilities


Innate Abilities, Weirdness & Mutations

You are partially covered in sharp spines.


   Skills:
 - Level 3.0 Fighting
 + Level 2.7 Axes
 - Level 2.6 Armour
 - Level 2.6 Shields


You had one spell level left.
You didn't know any spells.

Skill      XL: |  1 |
---------------+----+-----
Axes           | 2 |  2.7
Fighting       | |  3.0
Armour         | |  2.6
Shields        | |  2.6

Action                   || total
-------------------------++-------
Melee: War axe           ||    19
Armor: Scale mail        ||    11
Dodge: Dodged            ||    15
Block: Shield            ||    11

Inventory:

Hand Weapons
 a - a +0 war axe (weapon)
Armour
 b - a +0 scale mail
 c - a +0 shield
Scrolls
 g - a scroll of noise {unknown}
 h - a scroll of amnesia {unknown}
Potions
 d - a potion of mutation {unknown}
Comestibles
 e - a bread ration

Dungeon Overview and Level Annotations

Branches:
Dungeon (2/15)

Altars:


You were on level 2 of the Dungeon.
You were not hungry.

You visited 1 branch of the dungeon, and saw 2 of its levels.

You collected 38 gold pieces.


Message History

Drop what? 7/52 slots (_ for help) (? for menu, Esc to quit)
Huh?
Drop what? 7/52 slots (_ for help) (? for menu, Esc to quit)
Huh?
Drop what? 7/52 slots (_ for help) (? for menu, Esc to quit)
Huh?
Drop what? 7/52 slots (_ for help) (? for menu, Esc to quit)
Huh?
Drop what? 7/52 slots (_ for help) (? for menu, Esc to quit)
Huh?
Drop what? 7/52 slots (_ for help) (? for menu, Esc to quit)
Huh?
Drop what? 7/52 slots (_ for help) (? for menu, Esc to quit)
Huh?
Drop what? 7/52 slots (_ for help) (? for menu, Esc to quit)
Huh?
Drop what? 7/52 slots (_ for help) (? for menu, Esc to quit)
Huh?
Drop what? 7/52 slots (_ for help) (? for menu, Esc to quit)
Huh?
Drop what? 7/52 slots (_ for help) (? for menu, Esc to quit)
Huh?
Drop what? 7/52 slots (_ for help) (? for menu, Esc to quit)
Huh?
Drop what? 7/52 slots (_ for help) (? for menu, Esc to quit)
Huh?
Drop what? 7/52 slots (_ for help) (? for menu, Esc to quit)
You don't have any such object.
Drop what? 7/52 slots (_ for help) (? for menu, Esc to quit)
Okay, then.
Unknown command.
Unknown command.
Drop what? 7/52 slots (_ for help) (? for menu, Esc to quit)
The giant cockroach barely misses you.
Keep disrobing?
You start removing your armour.
You continue taking off your +0 scale mail.
The giant cockroach is struck by your spines.
The giant cockroach misses you.
You continue taking off your +0 scale mail.
The giant cockroach completely misses you.
You continue taking off your +0 scale mail.
The giant cockroach bites you.
The giant cockroach bites you but does no damage.
You continue taking off your +0 scale mail.
The giant cockroach closely misses you.
You finish taking off your +0 scale mail.
The giant cockroach bites you.
You take 1 damage, and have 19/24 hp.
The giant cockroach bites you.
You take 1 damage, and have 18/24 hp.
The giant cockroach is struck by your spines.
You kill the giant cockroach!
All of the chunks of flesh in your inventory have rotted away.
A goblin comes into view. It is wielding a dagger.
The goblin shouts!
You hear a shout! 2 goblins come into view.
The goblin is struck by your spines.
You kill the goblin!
Found a fizzy green potion.
The goblin hits you with a dagger.
You take 2 damage, and have 20/24 hp.
The goblin is struck by your spines. The goblin hits you but does no damage.
The goblin closely misses you. The goblin hits you with a dagger.
The goblin hits you.
You take 7 damage, and have 13/24 hp.
MASSIVE DAMAGE!!
The goblin is struck by your spines.
You kill the goblin!
The goblin is struck by your spines. The goblin hits you.
* * * LOW HITPOINT WARNING * * *
You take 2 damage, and have 11/24 hp.
The goblin barely misses you. The goblin is struck by your spines.
The goblin closely misses you. The goblin hits you.
* * * LOW HITPOINT WARNING * * *
The goblin barely misses you.
You take 2 damage, and have 9/24 hp.
The goblin is struck by your spines.
You kill the goblin!
Found a stone staircase leading down.
You see here a goblin corpse.
Found a triangular jade amulet.
d - a fizzy green potion
There is a stone staircase leading down here.
You climb downwards.
A frilled lizard, a worm, a giant cockroach and 2 goblins come into view.
The goblin shouts!
The hobgoblin shouts!
There is a stone staircase leading up here.
The goblin hits you with a club.
* * * LOW HITPOINT WARNING * * *
You take 5 damage, and have 6/24 hp.
MASSIVE DAMAGE!!
The frilled lizard is struck by your spines.
You kill the frilled lizard!
The goblin hits you with a club.
* * * LOW HITPOINT WARNING * * *
An adder comes into view.
The giant cockroach bites you.
* * * LOW HITPOINT WARNING * * *
The goblin barely misses you. The giant cockroach bites you.
You die...

.#.########..#
.....g.@g.w..#
...###..s......
......#.##.
..##..#.# # ...
#..... ##
#S..... #...
... .........


You could see a worm, an adder (wandering), a giant cockroach, a hobgoblin and a
goblin.

Notes
Turn   | Place    | Note
-------+----------+-------------------------------------------
     0 | D:1      | theanonym the Demonspawn Fighter began the quest for the Orb.
     0 | D:1      | Reached XP level 1. HP: 18/18 MP: 1/1
    16 | D:1      | Reached skill level 2 in Axes
   161 | D:1      | Gained mutation: You are partially covered in sharp spines. [demonic ancestry]
   161 | D:1      | Reached XP level 2. HP: 24/24 MP: 2/2
   392 | D:1      | HP: 11/24 [goblin (2)]
   425 | D:2      | HP: 6/24 [goblin/club (5)]
   428 | D:2      | HP: 2/24 [giant cockroach (2)]
   428 | D:2      | Slain by a giant cockroach

Vanquished Creatures
  A dart slug (D:1)
  A ball python (D:1)
  A giant cockroach (D:1)
  2 hobgoblins (D:1)
  2 frilled lizards
  3 goblins (D:1)
  A kobold (D:1)
  2 rats (D:1)
13 creatures vanquished.
